 Dungeon Crawl Stone Soup version 0.23.2-40-g277498a (webtiles) character file.

Game seed: 10312143873450356242

25 Fang the Skirmisher (level 3, 0/24 HPs)
             Began as a Gargoyle Berserker on Oct 23, 2019.
             Was a Follower of Trog.
             Slain by a gnoll
             ... wielding a +0 spear
              (4 damage)
             ... on level 2 of the Dungeon.
             The game lasted 00:01:01 (898 turns).

Fang the Skirmisher (Gargoyle Berserker)             Turns: 898, Time: 00:01:02

Health: 0/24       AC:  5    Str: 21    XL:     3   Next: 4%
Magic:  3/3        EV: 12    Int:  7    God:    Trog [*.....]
Gold:   77         SH:  0    Dex:  9    Spells: 2/2 levels left

rFire    . . .     SeeInvis .   a - +0 hand axe
rCold    . . .     Gourm    .   (no shield)
rNeg     + . .     Faith    .   b - +0 animal skin
rPois    ∞         Spirit   .   (no helmet)
rElec    +         Reflect  .   (no cloak)
rCorr    .         Harm     .   (no gloves)
MR       .....                  (no boots)
Stlth    +.........             (no amulet)
HPRegen  0.08/turn              (no ring)
MPRegen  0.08/turn              (no ring)

@: no status effects
A: negative energy resistance 1, electricity resistance, unbreathing,
petrification resistance, rot immunity, AC +3
a: Berserk, Renounce Religion


You were on level 2 of the Dungeon.
You worshipped Trog.
Trog was aware of your devotion.
You were not hungry.

You visited 1 branch of the dungeon, and saw 2 of its levels.

You collected 77 gold pieces.

Inventory:

Hand Weapons
 a - a +0 hand axe (weapon)
Armour
 b - a +0 animal skin (worn)
Jewellery
 m - a cursed -3 ring of strength {unknown}
Scrolls
 e - a scroll of remove curse {unknown}
 h - a scroll of magic mapping {unknown}
 i - 3 scrolls of identify {unknown}
 j - 2 scrolls of blinking {unknown}
 l - a scroll of enchant weapon {unknown}
 n - a scroll of noise {unknown}
Potions
 f - a potion of berserk rage {unknown}
 g - a potion of agility {unknown}
 k - 2 potions of mutation {unknown}
Comestibles
 c - 8 rations
 d - 6 chunks of flesh


   Skills:
 + Level 3.6 Fighting
 + Level 3.0 Axes
 + Level 2.7 Armour
 + Level 1.9 Dodging


You had 2 spell levels left.
You didn't know any spells.
Your spell library was empty.

Dungeon Overview and Level Annotations

Branches:
Dungeon (2/15)

Altars:


Innate Abilities, Weirdness & Mutations

You are resistant to torment.
Your stone body is resilient. (AC +3)
You are immune to poison.
You resist negative energy. (rN+)
You are resistant to electric shocks. (rElec)
You can survive without breathing.
You are immune to petrification.
You are immune to rotting.


Message History

The goblin hits you but does no damage.
You slash the goblin!
You kill the goblin!
Trog accepts your kill.
Your Axes skill increases to level 3!
The gnoll misses you. The gnoll closely misses you.
The gnoll hits you from afar with a +0 spear.
The gnoll barely misses you. The gnoll hits you with a +0 halberd!
Ouch! That really hurt!
The gnoll hits you with a +0 spear.
* * * LOW HITPOINT WARNING * * *
Found a helmet.
You are too injured to fight recklessly!
You are too injured to fight recklessly!
You are too injured to fight recklessly!
You are too injured to fight recklessly!
You are too injured to fight recklessly!
Okay, then.
The gnoll hits you from afar with a +0 spear.
You die...

...........#
#######....#
##...####.###
#...#.......
##'##.......
#.÷#.......
##.#.......
#.#.......
#######@#.......
........ggg.....
......)....!....
................
................
...............[
#########.##+###
.. #.#


You could see 3 gnolls.

Vanquished Creatures
  A worm (D:2)
  A dart slug (D:1)
  5 goblins
  3 hobgoblins
  A ball python (D:2)
  5 bats
  3 kobolds
  2 rats (D:1)
21 creatures vanquished.

Notes
Turn   | Place    | Note
-------+----------+-------------------------------------------
     0 | D:1      | Fang the Gargoyle Berserker began the quest for the Orb.
     0 | D:1      | Reached XP level 1. HP: 14/14 MP: 1/1
   228 | D:1      | Reached XP level 2. HP: 15/19 MP: 2/2
   886 | D:2      | Reached XP level 3. HP: 23/23 MP: 3/3
   898 | D:2      | Slain by a gnoll

Skill      XL: |  1  2  3 |
---------------+----------+-----
Axes           | 3 |  3.0
Fighting       | |  3.6
Armour         | |  2.7
Dodging        | |  1.9

Action                   || total
-------------------------++-------
Melee: Hand axe          ||    72
 Stab: Sleeping          ||     1
       Distracted        ||     1
Armor: Animal skin       ||    31
Dodge: Dodged            ||    61
